 Dungeon Crawl Stone Soup version 0.22-a0-779-g6f83d72c62 (webtiles) character file.

3725 Mirvelgyr the Cleaver (level 9, -16/75 HPs)
             Began as a Minotaur Berserker on July 19, 2018.
             Was a High Priest of Trog.
             Demolished by a slime creature (21 damage)
             ... on level 7 of the Dungeon.
             The game lasted 00:11:04 (5657 turns).

Mirvelgyr the Cleaver (Minotaur Berserker)          Turns: 5657, Time: 00:11:04

Health: -16/75     AC: -6    Str: 25    XL:     9   Next: 92%
Magic:  8/8        EV: 10    Int:  4    God:    Trog [*****.]
Gold:   408        SH:  0    Dex: 12    Spells: 8/8 levels left

rFire    . . .     SeeInvis .   w - +0 hand axe (freeze)
rCold    . . .     Gourm    .   (no shield)
rNeg     . . .     Faith    .   a - +0 chain mail
rPois    .         Spirit   .   (helmet restricted)
rElec    .         Reflect  .   (no cloak)
rCorr    .         Harm     .   u - +0 pair of gloves
MR       +....     Clarity  +   (no boots)
Stlth    ..........             (no amulet)
HPRegen  0.22/turn              j - ring of protection from magic
MPRegen  0.11/turn              (no ring)

@: corroded, berserk cooldown, slowed, very slow
A: retaliatory headbutt, horns 2, talons 1, thin metallic scales 1, agile 1,
clarity, MP-powered wands
a: Berserk, Trog's Hand, Brothers in Arms, Renounce Religion


You were on level 7 of the Dungeon.
You worshipped Trog.
Trog was extremely pleased with you.
You were near starving.

You visited 1 branch of the dungeon, and saw 7 of its levels.

You collected 408 gold pieces.

Inventory:

Hand Weapons
 w - a +0 hand axe of freezing (weapon)
Armour
 a - a +0 chain mail (worn)
 u - a +0 pair of gloves (worn)
Jewellery
 j - a ring of protection from magic (left hand)
 y - a cursed amulet of inaccuracy {unknown}
Wands
 A - a wand of flame (17)
 B - a wand of disintegration (5)
Scrolls
 b - 4 scrolls of amnesia
 d - 3 scrolls of teleportation
 f - 4 scrolls of remove curse
 h - 3 scrolls of immolation
 i - a scroll of blinking
 q - a scroll of enchant armour
 s - a scroll of enchant weapon
 v - a scroll of random uselessness
 z - a scroll of identify
Potions
 e - a potion of ambrosia {unknown}
 g - a potion of heal wounds {unknown}
 k - a potion of mutation
 l - a potion of degeneration {unknown}
 m - a potion of haste {unknown}
 n - a potion of flight {unknown}
 o - a potion of berserk rage {unknown}
 p - a potion of cancellation {unknown}
 t - 2 potions of curing
 x - a potion of lignification {unknown}
Comestibles
 c - 10 rations
 r - a chunk of flesh


   Skills:
 + Level 6.0 Fighting
 - Level 14.4 Axes
 + Level 5.3 Armour
 + Level 4.9 Dodging


You had 8 spell levels left.
You didn't know any spells.
Your spell library was empty.

Dungeon Overview and Level Annotations

Branches:
Dungeon (7/15)             Temple (0/1) D:4

Altars:
Yredelemnul


Innate Abilities, Weirdness & Mutations

You reflexively headbutt those who attack you in melee.
You have a pair of horns on your head.
You have sharp toenails.
You are partially covered in thin metallic scales. (AC +2)
You are agile. (Dex +2)
You possess an exceptional clarity of mind.
You expend magic power (3 MP) to strengthen your wands.


Message History

You are too injured to fight recklessly!
You are too injured to fight recklessly!
You are too injured to fight recklessly!
You are too injured to fight recklessly!
You feel a strong urge to attack something.
You are no longer berserk.
You are exhausted.
You feel yourself slow down.
You feel the effects of Trog's Hand fading.
The slime creature hits you.
The ooze jiggles.
The slime creature jiggles.
Your skin stops crawling.
You feel less resistant to hostile enchantments.
The slime creature hits you! The slime creature hits you!!
* * * LOW HITPOINT WARNING * * *
The ooze hits you.
* * * LOW HITPOINT WARNING * * *
The slime creature hits you!!
You die...

### #.## #### #..# ###### ###
##..## #..## ##....####..
###...)## #^..###...........
##.......# #.................
....##...## ##................
..#####...# ###.......####.....
.## ##..#####........## ####.. .#
##.....JJ@.....## ### .#
#......J......# ##
##....J.......## ##...#
##.............#########
##..P####...J..................##
#P....#....J#######.....######..#
#.....#..J.## ####### ##..
JJJ.P#...## ##.. #JJJ##...#
##########..#


You could see a slime creature, 2 jellies and 4 oozes.

Vanquished Creatures
  Pikel (D:6)
  Grinder (D:5)
  A hippogriff (D:7)
  Sigmund (D:2)
  A water moccasin (D:7)
  A sky beast (D:7)
  2 slaves (D:6)
  5 ogres
  2 centaurs
  2 big kobolds (D:5)
  3 bullfrogs (D:7)
  Dowan (D:4)
  4 scorpions (D:5)
  3 wights (D:6)
  2 crimson imps
  2 howler monkeys
  A centaur zombie (D:5)
  3 hounds
  7 jellies (D:7)
  2 orc priests (D:7)
  2 bullfrog skeletons (D:4)
  An iguana (D:6)
  Natasha (thrice) (D:2)
  Terence (D:2)
  4 orc wizards
  3 worker ants
  A hound zombie (D:7)
  A hound skeleton (D:7)
  A worker ant zombie (D:7)
  8 adders
  7 gnolls
  A shadow imp (D:5)
  A white imp (D:6)
  6 oozes
  3 adder skeletons
  A worm (D:2)
  2 dart slugs (D:4)
  6 leopard geckos
  28 orcs
  6 bats
  A giant cockroach (D:2)
  12 hobgoblins
  2 quokkas
  2 ball pythons
  8 frilled lizards
  A giant cockroach zombie (D:5)
  8 goblins
  A jackal zombie (D:5)
  11 kobolds
  2 leopard gecko zombies (D:7)
  2 quokka skeletons
  10 rats
191 creatures vanquished.

Vanquished Creatures (others)
  Duvessa (D:4)
  4 fungi (D:7)
5 creatures vanquished.

Grand Total: 196 creatures vanquished

Notes
Turn   | Place    | Note
-------+----------+-------------------------------------------
     0 | D:1      | Mirvelgyr the Minotaur Berserker began the quest for the Orb.
     0 | D:1      | Reached XP level 1. HP: 19/19 MP: 0/0
    45 | D:1      | Reached skill level 4 in Axes
   179 | D:1      | Reached XP level 2. HP: 21/26 MP: 1/1
   577 | D:2      | Reached skill level 5 in Axes
   577 | D:2      | Reached XP level 3. HP: 12/31 MP: 2/2
   604 | D:2      | Gained mutation: You have sharp toenails. [potion of mutation]
   604 | D:2      | Gained mutation: Your system is resistant to poisons. (rPois) [potion of mutation]
   604 | D:2      | Gained mutation: You expend magic power (3 MP) to strengthen your wands. [potion of mutation]
   991 | D:2      | Reached ** piety under Trog
  1050 | D:2      | Noticed Natasha
  1061 | D:2      | Killed Natasha
  1061 | D:2      | Reached skill level 6 in Axes
  1061 | D:2      | Reached XP level 4. HP: 31/39 MP: 3/3
  1098 | D:2      | Noticed Terence
  1107 | D:2      | Killed Terence
  1282 | D:2      | Noticed Natasha
  1288 | D:2      | Killed Natasha
  1288 | D:2      | Reached skill level 7 in Axes
  1288 | D:2      | Reached XP level 5. HP: 34/45 MP: 4/4
  1303 | D:2      | Noticed Natasha
  1309 | D:2      | Killed Natasha
  1328 | D:2      | Noticed Sigmund
  1347 | D:2      | Killed Sigmund
  1347 | D:2      | Reached skill level 8 in Axes
  1347 | D:2      | Reached XP level 6. HP: 15/51 MP: 5/5
  1946 | D:3      | Reached *** piety under Trog
  2114 | D:4      | Reached skill level 9 in Axes
  2152 | D:4      | Reached XP level 7. HP: 35/57 MP: 6/6
  2366 | D:4      | Reached skill level 10 in Axes
  2485 | D:4      | Found Deulas's General Store.
  2640 | D:4      | Killed Duvessa
  2650 | D:4      | Noticed Dowan
  2652 | D:4      | Killed Dowan
  2670 | D:4      | Found a staircase to the Ecumenical Temple.
  2879 | D:5      | Entered Level 5 of the Dungeon
  2948 | D:5      | Reached skill level 11 in Axes
  2980 | D:5      | Noticed Grinder
  3002 | D:5      | Killed Grinder
  3002 | D:5      | Reached XP level 8. HP: 47/64 MP: 7/7
  3092 | D:5      | Reached skill level 12 in Axes
  3324 | D:5      | Reached **** piety under Trog
  3422 | D:5      | Reached skill level 13 in Axes
  4537 | D:6      | Noticed Pikel
  4553 | D:6      | Killed Pikel
  4553 | D:6      | Reached skill level 14 in Axes
  4553 | D:6      | Reached XP level 9. HP: 57/70 MP: 8/8
  4578 | D:6      | Lost mutation: You expend magic power (3 MP) to strengthen your wands. [potion of mutation]
  4578 | D:6      | Lost mutation: Your system is resistant to poisons. (rPois) [potion of mutation]
  4578 | D:6      | Gained mutation: You expend magic power (3 MP) to strengthen your wands. [potion of mutation]
  4578 | D:6      | Gained mutation: You are agile. (Dex +2) [potion of mutation]
  4578 | D:6      | Gained mutation: You are partially covered in thin metallic scales. (AC +2) [potion of mutation]
  4578 | D:6      | Gained mutation: You possess an exceptional clarity of mind. [potion of mutation]
  5067 | D:7      | Reached skill level 5 in Fighting
  5285 | D:7      | Found a basalt altar of Yredelemnul.
  5369 | D:7      | Reached ***** piety under Trog
  5382 | D:7      | Reached skill level 5 in Armour
  5657 | D:7      | Demolished by a slime creature

Vault maps used:
D:1:      saegor_arrival_simple_e
D:2:      uniq_terence, uniq_sigmund, uniq_natasha
D:3:      solitary_fountain
D:4:      lemuel_temple_firewalk_b, serial_shops, nicolae_shop_statue_plus,
          first_ration, uniq_duvessa
D:5:      cheibrodos_thug_alley, kennysheep_minor_cross, uniq_grinder
D:6:      minmay_fire_ice_demons, uniq_pikel
D:7:      lemuel_slime, basic_altar, grunt_livestock, minmay_misc_feat_diagonals

Skill      XL: |  1  2  3  4  5  6  7  8  9 |
---------------+----------------------------+-----
Axes           | 4 5 6 7 8 9 11 14 | 14.4
Fighting       | 6 |  6.0
Armour         | 5 |  5.3
Dodging        | 4 |  4.9

Action                   |  1- 3 |  4- 6 |  7- 9 || total
-------------------------+-------+-------+-------++-------
Melee: Hand axe          |    66 |   108 |   316 ||   490
       Headbutt          |     7 |    14 |    49 ||    70
       Kick              |     4 |    20 |   113 ||   137
Invok: Trog's Hand       |     1 |     1 |     1 ||     3
       Berserk           |       |       |     2 ||     2
  Use: Potion            |     1 |       |     1 ||     2
       Scroll            |       |       |     9 ||     9
  Eat: Chunk             |       |     5 |     8 ||    13
       Ration            |       |       |     1 ||     1
Armor: Animal skin       |     8 |       |       ||     8
       Scale mail        |     6 |    25 |    41 ||    72
       Chain mail        |       |       |    64 ||    64
Dodge: Dodged            |    45 |    54 |   120 ||   219

Table legend:
 A = Spawn XP
 B = Non-spawn XP
 C = Spawn XP percentage of total XP
 D = Spawn monster count
 E = Non-spawn monster count
 F = Spawn count percentage of total count
 G = Total turns spent on level
                    A         B        C        D         E        F      G
               +---------+---------+-------+---------+---------+-------+---------
         Total |       0 |    5322 |   0.0 |       0 |     189 |   0.0 |  5657
               +---------+---------+-------+---------+---------+-------+---------
           D:1 |       0 |      22 |   0.0 |       0 |      17 |   0.0 |   562
           D:2 |       0 |     449 |   0.0 |       0 |      32 |   0.0 |  1022
           D:3 |       0 |      56 |   0.0 |       0 |      24 |   0.0 |   512
           D:4 |       0 |     507 |   0.0 |       0 |      18 |   0.0 |   783
           D:5 |       0 |    1435 |   0.0 |       0 |      38 |   0.0 |   992
           D:6 |       0 |    1185 |   0.0 |       0 |      19 |   0.0 |  1039
           D:7 |       0 |    1668 |   0.0 |       0 |      41 |   0.0 |   747
               +---------+---------+-------+---------+---------+-------+---------
